 Dungeon Crawl Stone Soup version 0.28.0 (webtiles) character file.

Game seed: 13771085944498570266

3 Alacron the Grave Robber (level 1, 0/14 HPs)
             Began as a Ghoul Necromancer on Feb 16, 2022.
             Slain by a bat (1 damage)
             ... on level 1 of the Dungeon.
             The game lasted 00:00:48 (189 turns).

Alacron the Grave Robber (Ghoul Necromancer)         Turns: 189, Time: 00:00:49

Health: 0/14       AC:  2    Str: 11    XL:     1   Next: 50%
Magic:  1/2        EV: 12    Int: 10    God:
Gold:   26         SH:  0    Dex:  9    Spells: 2/3 levels left

rFire   . . .      SeeInvis .   (no weapon)
rCold   + . .      Faith    .   (no shield)
rNeg    + + +      Spirit   .   a - +0 robe
rPois   ∞          Reflect  .   (no helmet)
rElec   .          Harm     .   (no cloak)
rCorr   .          Rampage  .   (no gloves)
Will    .....                   (no boots)
Stlth   ++........              (no amulet)
HPRegen 0.00/turn               (no ring)
MPRegen 0.08/turn               (no ring)

@: inhibited regen
A: claws 1, cold resistance 1, negative energy resistance 3, inhibited
regeneration, torment resistance 2
a: no special abilities


You were on level 1 of the Dungeon.
You visited 1 branch of the dungeon, and saw 1 of its levels.

You collected 26 gold pieces.

Inventory:

Armour
 a - a +0 robe (worn)
Scrolls
 f - 2 scrolls of identify {unknown}
Potions
 b - a potion of lignification {unknown}
 c - a potion of brilliance {unknown}
 d - a potion of curing {unknown}
 e - a potion of heal wounds {unknown}


   Skills:
 + Level 1.7 Dodging
 + Level 2.1 Stealth
 + Level 1.9 Spellcasting
 + Level 4.1 Necromancy


You had 2 spell levels left.
You knew the following spells:

 Your Spells              Type           Power      Damage    Failure   Level
a - Pain                  Necr           36%        1d5       6%          1

Your spell library contained the following spells:

 Spells                   Type           Power      Damage    Failure   Level
 Animate Skeleton         Necr           18%        N/A       6%          1
 Vampiric Draining        Necr           9%         2d6       17%         3
 Animate Dead             Necr           4%         N/A       50%         4
 Agony                    Necr           9%         N/A       85%         5


Dungeon Overview and Level Annotations

Branches:
Dungeon (1/15)

Altars:


Innate Abilities, Weirdness & Mutations

You thrive by killing the living.
You are immune to poison.
You have sharp fingernails.
Your flesh is cold resistant. (rC+)
You are immune to negative energy. (rN+++)
You do not regenerate when monsters are visible.
You are immune to unholy pain and torment.


Message History

A quokka comes into view.
The goblin hits you but does no damage.
You closely miss the ball python. The ball python bites you.
The ball python barely misses you. The goblin hits you with a +0 club.
You scratch the ball python.
The ball python is severely wounded.
A quokka comes into view.
The ball python bites you. The ball python barely misses you.
The goblin hits you but does no damage.
You closely miss the ball python.
The ball python is severely wounded.
The bat hits you.
The ball python bites you but does no damage.
The ball python grabs you. The ball python constricts you.
The goblin hits you but does no damage.
You barely miss the ball python.
The ball python is severely wounded.
The bat hits you but does no damage. x2; The ball python barely misses you.
The ball python constricts you.
A dart slug comes into view.
The goblin hits you with a +0 club.
* * * LOW HITPOINT WARNING * * *
You escape the ball python's grasp.
The bat misses you. The bat completely misses you. The ball python bites you.
* * * LOW HITPOINT WARNING * * *
The ball python grabs you. The ball python constricts you.
You see here a white potion.
You escape the ball python's grasp.
The bat barely misses you. The bat hits you but does no damage.
The ball python barely misses you. The ball python grabs you.
The ball python constricts you.
* * * LOW HITPOINT WARNING * * *
You escape the ball python's grasp.
The bat hits you but does no damage. The bat hits you.
* * * LOW HITPOINT WARNING * * *
The bat hits you but does no damage. The bat hits you but does no damage.
The bat hits you.
You die...

######.?.....†..# ########
###........!......# ........
.......g..g.......# ......#
........##...!....# .)...#
#.....rS##........# .. .....#
#.......##........####.. .....##
#......K##..............
......###......b.##..............
................@##..............
###.........###...#..............
# ##.......# ##.................
#...<...# #.##.............. #
##.......## ##.##..............
###.........###..######..........
.................## #..........
......###.........# #..........
.....## ##........#####..........


You could see a quokka, a goblin, a bat, a ball python and a kobold.

Vanquished Creatures
  A goblin (D:1)
  A hobgoblin (D:1)
  A bat (D:1)
3 creatures vanquished.

Notes
Turn   | Place    | Note
-------+----------+-------------------------------------------
     0 | D:1      | Alacron the Ghoul Necromancer began the quest for the Orb.
     0 | D:1      | Reached XP level 1. HP: 14/14 MP: 2/2
   189 | D:1      | Slain by a bat

Illustrated notes

Levels and vault maps discovered:
D:1:      minmay_arrival_four_circles, layout_basic, serial_bayou_ford_a,
          minmay_tromino_v4_c

Action                   || total
-------------------------++-------
Melee: Unarmed           ||     8
 Cast: Pain              ||     4
Armor: Robe              ||    10
Dodge: Dodged            ||     8
